TOP OF THE 1ST |
Pensacola Pilots batting - Pitching for Savannah Hogs : RHP Danny Lee
|
Pitching: RHP Danny Lee
|
|
Batting: RHB Leopoldo Horgan
|
0-0: Called Strike 0-1: Ball 1-1: Ground out 5-3 (Groundball, 56)
|
Batting: RHB Roberto Gómez
|
0-0: Ground out 6-3 (Groundball, 6)
|
Batting: LHB Alan McGilroy
|
0-0: Ground out 3-1 (Groundball, 34)
|
Top of the 1st over - 0 run(s), 0 hit(s), 0 error(s), 0 left on base; Pensacola 0 - Savannah 0 |
BOTTOM OF THE 1ST |
Savannah Hogs batting - Pitching for Pensacola Pilots : RHP Miguel García
|
Pitching: RHP Miguel García
|
|
Batting: RHB Juan Jose Mendoza
|
0-0: Foul Ball, location: 2F 0-1: Called Strike 0-2: Fly out, F8 (Flyball, 8LS)
|
Batting: LHB Manny Hernández
|
0-0: SINGLE (Groundball, 4MD)
|
Batting: LHB Ramón Morales
|
0-0: Called Strike 0-1: Ball 1-1: Ball 2-1: Ball 3-1: Called Strike 3-2: Foul Ball, location: 2F 3-2: Ground out 5-3 (Groundball, 6S) Manny Hernández to second
|
Batting: RHB Javier Martínez
|
0-0: Ball 1-0: Foul Ball, location: 2F 1-1: Ground out 6-3 (Groundball, 6)
|
Bottom of the 1st over - 0 run(s), 1 hit(s), 0 error(s), 1 left on base; Pensacola 0 - Savannah 0 |
TOP OF THE 2ND |
Pensacola Pilots batting - Pitching for Savannah Hogs : RHP Danny Lee
|
Batting: LHB Pedro Ramos
|
0-0: Ball 1-0: Fly out, F2 (Popup, 2RF)
|
Batting: RHB José Velázquez
|
0-0: Ball 1-0: Foul Ball, location: 2F 1-1: Foul Ball, location: 2F 1-2: Ball 2-2: Foul Ball, location: 2F 2-2: SINGLE (Line Drive, 7S)
|
Batting: RHB Peter Bishop
|
0-0: Ball 1-0: Swinging Strike 1-1: Ball 2-1: Swinging Strike 2-2: Foul Ball, location: 2F 2-2: Grounds into double play, 4-6-3 (Groundball, 4)
|
Top of the 2nd over - 0 run(s), 1 hit(s), 0 error(s), 0 left on base; Pensacola 0 - Savannah 0 |
BOTTOM OF THE 2ND |
Savannah Hogs batting - Pitching for Pensacola Pilots : RHP Miguel García
|
Batting: RHB Remi Eruzione
|
0-0: Swinging Strike 0-1: Ball 1-1: Ball 2-1: Ball 3-1: SINGLE (Line Drive, 4MD)
|
Batting: RHB Júlio Peña
|
0-0: Called Strike 0-1: Ball 1-1: Foul Ball, location: 2F 1-2: Foul Ball, location: 2F 1-2: Ball 2-2: Strikes out looking
|
Batting: LHB Ivan Costello
|
0-0: Ball 1-0: Foul Ball, location: 2F 1-1: Swinging Strike 1-2: Fly out, F7 (Flyball, 7M)
|
Batting: RHB Anastasio Movonda
|
0-0: Ball 1-0: Ball 2-0: Swinging Strike 2-1: Swinging Strike 2-2: Ball 3-2: Base on Balls Remi Eruzione to second
|
Batting: RHB Ignacio Rangel
|
0-0: DOUBLE (Line Drive, 7LM) Remi Eruzione scores Anastasio Movonda to third Runner from 3rd tries for Home, SAFE, no throw or cutoff
|
Batting: RHB Juan Jose Mendoza
|
0-0: Ball 1-0: Ball 2-0: Called Strike 2-1: Ball 3-1: Foul Ball, location: 2F 3-2: Base on Balls
|
Batting: LHB Manny Hernández
|
0-0: Called Strike 0-1: Ball 1-1: Ball 2-1: Ball 3-1: Swinging Strike 3-2: Base on Balls Ignacio Rangel to third Juan Jose Mendoza to second
|
Batting: LHB Ramón Morales
|
0-0: Ball 1-0: SINGLE (Popup, 6D) Ignacio Rangel scores Juan Jose Mendoza to third Manny Hernández to second Runner from 3rd tries for Home, SAFE, no throw or cutoff
|
Batting: RHB Javier Martínez
|
0-0: Ball 1-0: Swinging Strike 1-1: Fly out, F7 (Flyball, 78M)
|
Bottom of the 2nd over - 4 run(s), 3 hit(s), 0 error(s), 2 left on base; Pensacola 0 - Savannah 4 |
TOP OF THE 3RD |
Pensacola Pilots batting - Pitching for Savannah Hogs : RHP Danny Lee
|
Batting: RHB Jonny Lord
|
0-0: Ball 1-0: Ball 2-0: Swinging Strike 2-1: Swinging Strike 2-2: Strikes out swinging
|
Batting: LHB Wilson Vecino
|
0-0: Called Strike 0-1: Called Strike 0-2: Foul Ball, location: 2F 0-2: Ball 1-2: Ball 2-2: Ground out 4-3 (Groundball, 34)
|
Batting: RHB José Cordero
|
0-0: DOUBLE (Popup, 6D)
|
Batting: RHB Leopoldo Horgan
|
0-0: Called Strike 0-1: Ball 1-1: Ball 2-1: Ball 3-1: Base on Balls
|
Batting: RHB Roberto Gómez
|
0-0: Called Strike 0-1: Swinging Strike 0-2: Hit by Pitch José Cordero to third Leopoldo Horgan to second
|
Batting: LHB Alan McGilroy
|
0-0: Ball 1-0: Ball 2-0: Called Strike 2-1: SINGLE (Groundball, 34D) José Cordero scores Leopoldo Horgan to third Roberto Gómez to second Runner from 3rd tries for Home, SAFE, no throw or cutoff
|
Batting: LHB Pedro Ramos
|
0-0: Called Strike 0-1: Ball 1-1: Ground out 4-3 (Groundball, 4)
|
Top of the 3rd over - 2 run(s), 2 hit(s), 0 error(s), 2 left on base; Pensacola 2 - Savannah 4 |
BOTTOM OF THE 3RD |
Savannah Hogs batting - Pitching for Pensacola Pilots : RHP Miguel García
|
Batting: RHB Remi Eruzione
|
0-0: Called Strike 0-1: Swinging Strike 0-2: Ball 1-2: Ball 2-2: Strikes out swinging
|
Batting: RHB Júlio Peña
|
0-0: Fly out, F9 (Flyball, 9M)
|
Batting: LHB Ivan Costello
|
0-0: Ball 1-0: Swinging Strike 1-1: SINGLE (Flyball, 9LS)
|
Batting: RHB Anastasio Movonda
|
0-0: Ball Ivan Costello is caught stealing 2nd base
|
Bottom of the 3rd over - 0 run(s), 1 hit(s), 0 error(s), 0 left on base; Pensacola 2 - Savannah 4 |
TOP OF THE 4TH |
Pensacola Pilots batting - Pitching for Savannah Hogs : RHP Danny Lee
|
Batting: RHB José Velázquez
|
0-0: Called Strike 0-1: Fly out, F7 (Flyball, 7M)
|
Batting: RHB Peter Bishop
|
0-0: Called Strike 0-1: SINGLE (Line Drive, 4D)
|
Batting: RHB Jonny Lord
|
0-0: Called Strike 0-1: Ball Wild Pitch! Peter Bishop to second 1-1: Ball 2-1: Ball 3-1: Called Strike 3-2: Foul Ball, location: 2F 3-2: SINGLE (Line Drive, 9LS) Peter Bishop to third
|
Batting: LHB Wilson Vecino
|
0-0: Called Strike 0-1: Called Strike 0-2: Ball 1-2: Foul Ball, location: 2F 1-2: Strikes out looking
|
Batting: RHB José Cordero
|
0-0: Swinging Strike 0-1: Ball 1-1: DOUBLE (Line Drive, 9LM) Peter Bishop scores Jonny Lord to third Runner from 3rd tries for Home, SAFE, no throw or cutoff
|
Batting: RHB Leopoldo Horgan
|
0-0: Ball 1-0: Called Strike 1-1: Foul Ball, location: 2F 1-2: Foul Ball, location: 2F 1-2: Foul Ball, location: 2F 1-2: Ball 2-2: Strikes out swinging
|
Top of the 4th over - 2 run(s), 3 hit(s), 0 error(s), 1 left on base; Pensacola 4 - Savannah 4 |
BOTTOM OF THE 4TH |
Savannah Hogs batting - Pitching for Pensacola Pilots : RHP Miguel García
|
Batting: RHB Anastasio Movonda
|
0-0: Ball 1-0: Bunt for hit - play at first, batter OUT! 1-3
|
Batting: RHB Ignacio Rangel
|
0-0: Called Strike 0-1: Foul Ball, location: 2F 0-2: Ball 1-2: Foul Ball, location: 2F 1-2: DOUBLE (Line Drive, 89M)
|
Batting: RHB Juan Jose Mendoza
|
0-0: Called Strike 0-1: Ball 1-1: Called Strike 1-2: Hit by Pitch
|
Batting: LHB Manny Hernández
|
0-0: Ball 1-0: Called Strike 1-1: Ball 2-1: Foul Ball, location: 2F 2-2: Strikes out swinging
|
Batting: LHB Ramón Morales
|
0-0: Ball 1-0: Fly out, F9 (Flyball, 89M)
|
Bottom of the 4th over - 0 run(s), 1 hit(s), 0 error(s), 2 left on base; Pensacola 4 - Savannah 4 |
TOP OF THE 5TH |
Pensacola Pilots batting - Pitching for Savannah Hogs : RHP Danny Lee
|
Batting: RHB Roberto Gómez
|
0-0: Ball 1-0: Ball 2-0: SOLO HOME RUN (Flyball, 8LXD), Distance : 408 ft
|
Batting: LHB Alan McGilroy
|
0-0: Ball 1-0: Called Strike 1-1: Called Strike 1-2: Fly out, F6 (Popup, 15)
|
Batting: LHB Pedro Ramos
|
0-0: Ball 1-0: Swinging Strike 1-1: Swinging Strike 1-2: Ground out 6-3 (Groundball, 6M)
|
Batting: RHB José Velázquez
|
0-0: Ball 1-0: Ball 2-0: Fly out, F3 (Popup, 3SF)
|
Top of the 5th over - 1 run(s), 1 hit(s), 0 error(s), 0 left on base; Pensacola 5 - Savannah 4 |
BOTTOM OF THE 5TH |
Savannah Hogs batting - Pitching for Pensacola Pilots : RHP Miguel García
|
Batting: RHB Javier Martínez
|
0-0: Ball 1-0: Ground out 5-3 (Groundball, 56S)
|
Batting: RHB Remi Eruzione
|
0-0: Called Strike 0-1: Ball 1-1: Ground out 6-3 (Groundball, 6M)
|
Batting: RHB Júlio Peña
|
0-0: Ball 1-0: Ball 2-0: Ground out 5-3 (Groundball, 56)
|
Bottom of the 5th over - 0 run(s), 0 hit(s), 0 error(s), 0 left on base; Pensacola 5 - Savannah 4 |
TOP OF THE 6TH |
Pensacola Pilots batting - Pitching for Savannah Hogs : RHP Danny Lee
|
Pitching: RHP Shannon Wallace
|
|
Batting: RHB Peter Bishop
|
0-0: Ball 1-0: Foul Ball, location: 2F 1-1: Foul Ball, location: 2F 1-2: Ball 2-2: Strikes out swinging
|
Batting: RHB Jonny Lord
|
0-0: Ball 1-0: Foul Ball, location: 2F 1-1: Foul Ball, location: 2F 1-2: Foul Ball, location: 2F 1-2: Strikes out swinging
|
Batting: LHB Wilson Vecino
|
0-0: Foul Ball, location: 2F 0-1: Ball 1-1: Ball 2-1: SINGLE (Groundball, 56D)
|
Batting: RHB José Cordero
|
0-0: Ball 1-0: Called Strike 1-1: Ball 2-1: Ball 3-1: Base on Balls Wilson Vecino to second
|
Batting: RHB Leopoldo Horgan
|
0-0: Called Strike 0-1: Foul Ball, location: 2F 0-2: Ball 1-2: Ball Passed Ball! Wilson Vecino to third José Cordero to second 2-2: Foul Ball, location: 2F 2-2: Strikes out swinging
|
Top of the 6th over - 0 run(s), 1 hit(s), 0 error(s), 2 left on base; Pensacola 5 - Savannah 4 |
BOTTOM OF THE 6TH |
Savannah Hogs batting - Pitching for Pensacola Pilots : RHP Miguel García
|
Batting: LHB Ivan Costello
|
0-0: Foul Ball, location: 2F 0-1: Ball 1-1: Swinging Strike 1-2: Foul Ball, location: 2F 1-2: Foul Ball, location: 2F 1-2: Ground out 4-3 (Groundball, 4M)
|
Batting: RHB Anastasio Movonda
|
0-0: Ball 1-0: Ball 2-0: Ball 3-0: Called Strike 3-1: Base on Balls
|
Batting: RHB Ignacio Rangel
|
0-0: Called Strike 0-1: Ball 1-1: Ball 2-1: Ball 3-1: Called Strike 3-2: Strikes out swinging
|
Batting: RHB Juan Jose Mendoza
|
0-0: Ball 1-0: Called Strike 1-1: Fly out, F9 (Line Drive, 9M)
|
Bottom of the 6th over - 0 run(s), 0 hit(s), 0 error(s), 1 left on base; Pensacola 5 - Savannah 4 |
TOP OF THE 7TH |
Pensacola Pilots batting - Pitching for Savannah Hogs : RHP Shannon Wallace
|
Batting: RHB Roberto Gómez
|
0-0: Ball 1-0: Called Strike 1-1: Ball 2-1: Foul Ball, location: 2F 2-2: Foul Ball, location: 2F 2-2: Strikes out swinging
|
Batting: LHB Alan McGilroy
|
0-0: Called Strike 0-1: Ball 1-1: Fly out, F4 (Line Drive, 34D)
|
Batting: LHB Pedro Ramos
|
0-0: Foul Ball, location: 2F 0-1: Ball 1-1: Foul Ball, location: 2F 1-2: SINGLE (Groundball, 6MD)
|
Batting: RHB José Velázquez
|
0-0: Called Strike Pedro Ramos steals 2nd base 0-1: Ball Wild Pitch! Pedro Ramos to third 1-1: Ball 2-1: Foul Ball, location: 2F 2-2: Ball 3-2: Base on Balls
|
Pinch Hitting: RHB Jesús Sánchez
|
0-0: Ball 1-0: Foul Ball, location: 2F 1-1: Swinging Strike 1-2: DOUBLE (Flyball, 7LS) Pedro Ramos scores José Velázquez to third
|
Pinch Hitting: LHB Jorge Silva
|
0-0: Ball 1-0: Foul Ball, location: 2F 1-1: Ball 2-1: Foul Ball, location: 2F 2-2: Ball 3-2: Foul Ball, location: 2F 3-2: Strikes out swinging
|
Top of the 7th over - 1 run(s), 2 hit(s), 0 error(s), 2 left on base; Pensacola 6 - Savannah 4 |
BOTTOM OF THE 7TH |
Savannah Hogs batting - Pitching for Pensacola Pilots : RHP Miguel García
|
Now at 2B: Armando Domínguez
|
|
Now at SS: José Herrera
|
|
Batting: LHB Manny Hernández
|
0-0: Ball 1-0: Swinging Strike 1-1: SINGLE (Groundball, 6MD)
|
Batting: LHB Ramón Morales
|
0-0: Ball 1-0: Swinging Strike 1-1: SINGLE (Groundball, 34D) Manny Hernández to second
|
Pinch Hitting: LHB Juan Delgado
|
0-0: Ground out 6-3 (Groundball, 6MS) Manny Hernández to third Ramón Morales to second
|
Pinch Hitting: RHB Javier Músquez
|
0-0: Called Strike 0-1: Ball 1-1: Foul Ball, location: 2F 1-2: Foul Ball, location: 2F 1-2: Ground out 5-3 (Groundball, 56) Manny Hernández scores
|
Batting: RHB Júlio Peña
|
0-0: DOUBLE (Line Drive, 3L) Ramón Morales scores
|
Batting: LHB Ivan Costello
|
0-0: Foul Ball, location: 2F 0-1: Ball 1-1: Ball 2-1: Ball 3-1: Foul Ball, location: 2F 3-2: Base on Balls
|
Pitching: RHP Pedro Vargas
|
|
Batting: RHB Anastasio Movonda
|
0-0: Foul Ball, location: 2F 0-1: Ball 1-1: SINGLE (Groundball, 56) Júlio Peña to third Ivan Costello to second Runner from 3rd tries for Home, SAFE, throw made home
|
Pinch Hitting: SHB Júlio Macías
|
0-0: Ball 1-0: Swinging Strike 1-1: Called Strike 1-2: DOUBLE (Line Drive, 7LM) Ivan Costello scores Anastasio Movonda to third
|
Batting: RHB Juan Jose Mendoza
|
0-0: DOUBLE (Flyball, 7LS) Anastasio Movonda scores Júlio Macías scores
|
Batting: LHB Manny Hernández
|
0-0: Ball 1-0: SINGLE (Line Drive, 34D) Juan Jose Mendoza to third Runner from 3rd tries for Home, throw and OUT!
|
Bottom of the 7th over - 6 run(s), 7 hit(s), 0 error(s), 1 left on base; Pensacola 6 - Savannah 10 |
BOTTOM OF THE 8TH |
Savannah Hogs batting - Pitching for Pensacola Pilots : RHP Pedro Vargas
|
Batting: LHB Ramón Morales
|
0-0: Ball 1-0: Foul Ball, location: 2F 1-1: SOLO HOME RUN (Line Drive, 89XD), Distance : 396 ft
|
Batting: RHB Ernesto Gómez
|
0-0: Swinging Strike 0-1: Ball 1-1: Ball 2-1: Ball 3-1: Base on Balls
|
Batting: RHB Guillermo González
|
0-0: Swinging Strike 0-1: Ball 1-1: Ball 2-1: Ball 3-1: SINGLE (Groundball, 25) (infield hit) Ernesto Gómez to second
|
Batting: RHB Júlio Peña
|
0-0: Sac Bunt - play at first, batter OUT! 3-4 Ernesto Gómez to third Guillermo González to second
|
Batting: LHB Ivan Costello
|
0-0: Ball 1-0: Ball 2-0: Foul Ball, location: 2F 2-1: Fly out, F7 (Line Drive, 7LS) Runner from 3rd tags up, SCORES, no throw
|
Batting: RHB Anastasio Movonda
|
0-0: Ball 1-0: Called Strike 1-1: Ground out U3 (Groundball, 3)
|
Bottom of the 8th over - 2 run(s), 2 hit(s), 0 error(s), 1 left on base; Pensacola 6 - Savannah 12 |
TOP OF THE 9TH |
Pensacola Pilots batting - Pitching for Savannah Hogs : RHP Álex Solano
|
Batting: LHB Alan McGilroy
|
0-0: Ball 1-0: Ball 2-0: Ball 3-0: Called Strike 3-1: Called Strike 3-2: Base on Balls
|
Batting: LHB Pedro Ramos
|
0-0: Called Strike 0-1: Ball 1-1: Ball 2-1: Ball 3-1: Foul Ball, location: 2F 3-2: Base on Balls Alan McGilroy to second
|
Batting: RHB José Velázquez
|
0-0: Swinging Strike 0-1: Ball 1-1: Ball 2-1: DOUBLE (Line Drive, 78S) Alan McGilroy scores Pedro Ramos to third Runner from 3rd tries for Home, SAFE, no throw or cutoff
|
Batting: LHB Armando Domínguez
|
0-0: Foul Ball, location: 2F 0-1: Ball 1-1: DOUBLE (Groundball, 5L) José Velázquez scores
|
Pitching: RHP Ramón Martínez
|
|
Batting: RHB José Herrera
|
0-0: Ball 1-0: SINGLE (Line Drive, 6MD) Armando Domínguez to third
|
Batting: LHB Wilson Vecino
|
0-0: Ball 1-0: Ball 2-0: Ball 3-0: Swinging Strike 3-1: SINGLE (Groundball, 34) Armando Domínguez scores José Herrera to second Runner from 2nd tries for 3rd, SAFE, no throw or cutoff
|
Pinch Hitting: RHB Gustavo Rodríguez
|
0-0: Ball 1-0: Ball 2-0: SINGLE (Line Drive, 4D) José Herrera scores Wilson Vecino to second
|
Pinch Hitting: RHB Aaron Grizzle
|
0-0: Ball 1-0: Ball 2-0: Bunted foul 2-1: Bunted foul 2-2: Fielders Choice at 3rd, U5 (Groundball, 5L) Gustavo Rodríguez to second
|
Pinch Hitting: LHB Weston Chaney
|
0-0: Fly out, F7 (Flyball, 78XD) Runner from 2nd tags up, SAFE at 3rd, no throw
|
Batting: LHB Alan McGilroy
|
0-0: Ball 1-0: Ball 2-0: Fly out, F9 (Line Drive, 9M)
|
Top of the 9th over - 5 run(s), 5 hit(s), 0 error(s), 2 left on base; Pensacola 11 - Savannah 12 |
|